 Dungeon Crawl Stone Soup version 0.25-a0-1137-g7f6bfe439b (webtiles) character file.

Game seed: 12509757182171311516, levelgen mode: deterministic

69 vurker the Insei (level 4, -2/29 HPs)
             Began as an Octopode Transmuter on May 23, 2020.
             Slain by a goblin
             ... wielding a +0 dagger
              (5 damage)
             ... on level 2 of the Dungeon.
             The game lasted 00:01:58 (1719 turns).

vurker the Insei (Octopode Transmuter)              Turns: 1719, Time: 00:01:59

Health: -2/29      AC:  1    Str:  9    XL:     4   Next: 20%
Magic:  7/7        EV: 13    Int: 15    God:
Gold:   15         SH:  0    Dex: 13    Spells: 6/7 levels left

rFire    . . .     SeeInvis .     - Unarmed
rCold    . . .     Gourm    .   (no shield)
rNeg     . . .     Faith    .   (helmet restricted)
rPois    .         Spirit   .   (no amulet)
rElec    .         Reflect  .   (no ring)
rCorr    .         Harm     .   (no ring)
MR       .....                  (no ring)
Stlth    +++.......             (no ring)
HPRegen  0.09/turn              (no ring)
MPRegen  0.10/turn              (no ring)
                                (no ring)
                                (no ring)

@: lethally poisoned (-2 -> -3)
A: almost no armour, stealthy swim, amphibious, 8 rings, constrict 8, camouflage
1, gelatinous body 1
a: no special abilities


You were on level 2 of the Dungeon.
You were hungry.

You visited 1 branch of the dungeon, and saw 2 of its levels.

You collected 15 gold pieces.

Inventory:

Missiles
 a - 12 arrows
Scrolls
 g - a scroll of remove curse {unknown}
 h - a scroll of identify {unknown}
Potions
 b - a potion of cancellation
 c - a potion of mutation {unknown}
 f - a potion of lignification {unknown}
Comestibles
 e - 4 rations


   Skills:
 + Level 1.7 Fighting
 + Level 2.3 Dodging
 + Level 1.5 Stealth
 * Level 3.6 Unarmed Combat
 + Level 2.2 Spellcasting
 * Level 2.7 Transmutations


You had 6 spell levels left.
You knew the following spells:

 Your Spells              Type           Power        Failure   Level  Hunger
a - Beastly Appendage     Tmut           #.....       7%          1    #......

Your spell library contained the following spells:

 Spells                   Type           Power        Failure   Level  Hunger
 Sticks to Snakes         Tmut           #.......     11%         2    ###....
 Spider Form              Tmut/Pois      #.........   36%         3    ###....
 Ice Form                 Ice/Tmut       #.......     77%         4    #####..
 Blade Hands              Tmut           #.........   89%         5    ######.


Dungeon Overview and Level Annotations

Branches:
Dungeon (2/15)

Altars:
Makhleb
Nemelex Xobeh


Innate Abilities, Weirdness & Mutations

You cannot wear most types of armour.
You are very stealthy in the water. (Stealth+)
You are amphibious.
You can wear up to eight rings at the same time.
You can use your tentacles to constrict eight enemies at once.
Your skin changes colour to match your surroundings (Stealth+).
Your rubbery body absorbs attacks. (AC +1, EV +1)


Message History

You tentacle-slap the kobold. Your grab misses the kobold.
The kobold barely misses you.
You tentacle-slap the kobold but do no damage.
Your grab misses the kobold. The kobold hits you.
You closely miss the kobold. Your grab misses the kobold.
The kobold closely misses you.
You completely miss the kobold. You grab the kobold. You constrict the kobold.
The kobold hits you.
You tentacle-slap the kobold.
You kill the kobold!
No target in view!
You are feeling hungry.
The goblin is too close now for your liking.
The goblin shouts!
You tentacle-slap the goblin.
You kill the goblin!
You hear an angry hiss.
You hear a bark!
A jackal comes into view.
The adder hisses angrily.
The adder bites you.
You are poisoned.
The adder poisons you!
Items here: ! ( ) [ † a +0 whip; a +0 robe; a metallic sapphire potion; 2 stones; a kobold corpse You bludgeon the adder!
Your grab misses the adder. Your squeeze misses the adder.
You feel sick. The adder bites you but does no damage.
The goblin hits you with a +0 dagger.
You barely miss the adder. Your grab misses the adder.
Your tentacle-slap misses the adder.
A jackal comes into view.
The adder barely misses you. The goblin hits you with a +0 dagger.
The jackal moves out of view.
You tentacle-slap the adder. Your grab misses the adder.
The adder closely misses you. The jackal barely misses you.
You tentacle-slap the adder.
You kill the adder!
You feel sick. The goblin barely misses you. The jackal bites you.
* * * LOW HITPOINT WARNING * * *
The jackal bites you.
* * * LOW HITPOINT WARNING * * *
The jackal barks!
You tentacle-slap the jackal. Your grab misses the jackal.
You feel sick.
The jackal bites you but does no damage.
The goblin hits you with a +0 dagger.
* * * LOW HITPOINT WARNING * * *
The jackal bites you.
* * * LOW HITPOINT WARNING * * *
It was a potion of cancellation.
You feel magically purged. The goblin hits you with a +0 dagger.
You die...

#.# ###.... #####.. .......
.......#.......
............... #
................# # #
###h........# .# #########
##...#######.###.# ...#....##
#(.gh# #........# ##...##..##
#...@## #....(...# ###.####..#
#._...# #........#
..#'#..##.###.....###........#
.......##..........##........#
#.._..##...###...#.##........#
##...##....# ###....#........#
.##.##....## #....#........#
..###....## #.............#
#.......## #...#.........#


You could see 2 jackals and a goblin.

Vanquished Creatures
  3 adders (D:2)
  An ooze (D:1)
  A worm (D:2)
  2 leopard geckos (D:1)
  3 bats (D:1)
  A giant cockroach (D:1)
  2 goblins
  3 hobgoblins
  5 kobolds
  2 ball pythons
  5 frilled lizards (D:1)
  6 rats
34 creatures vanquished.

Notes
Turn   | Place    | Note
-------+----------+-------------------------------------------
     0 | D:1      | vurker the Octopode Transmuter began the quest for the Orb.
     0 | D:1      | Reached XP level 1. HP: 13/13 MP: 3/3
   332 | D:1      | Reached XP level 2. HP: 18/18 MP: 5/5
   392 | D:1      | Reached skill level 1 in Stealth
   534 | D:1      | Reached XP level 3. HP: 23/23 MP: 6/6
  1303 | D:2      | Found a burning altar of Makhleb.
  1332 | D:2      | Reached XP level 4. HP: 8/29 MP: 5/7
  1342 | D:2      | Found a sparkling altar of Nemelex Xobeh.
  1719 | D:2      | Slain by a goblin

Illustrated notes

Levels and vault maps discovered:
D:1:      minmay_arrival_loop, layout_rooms, minmay_misc_feat_encased
D:2:      layout_basic, bloody_makhleb, first_ration,
          kennysheep_decorative_pillar, nemelex_lonely_heart_becter

Skill      XL: |  1  2 |
---------------+-------+-----
Stealth        | 1 |  1.5
Fighting       | |  1.7
Dodging        | |  2.3
Unarmed Combat | |  3.6
Spellcasting   | |  2.2
Transmutations | |  2.7

Action                   |  1- 3 |  4- 6 || total
-------------------------+-------+-------++-------
Melee: Unarmed           |    80 |    12 ||    92
       Constrict         |    22 |     1 ||    23
       Tentacles         |    13 |       ||    13
       Kick              |     2 |       ||     2
       Punch             |     1 |       ||     1
 Cast: Beastly Appendage |     1 |       ||     1
  Use: Potion            |       |     1 ||     1
 Stab: Sleeping          |     5 |       ||     5
  Eat: Chunk             |     1 |     1 ||     2
Armor: Skin              |     3 |     2 ||     5
Dodge: Dodged            |    45 |     9 ||    54

Table legend:
 A = Non-vault XP
 B = Vault XP
 C = Vault XP percentage of total XP
 D = Non-vault monster count
 E = Vault monster count
 F = Vault count percentage of total count
                 A         B        C        D         E       F
            +---------+---------+-------+---------+---------+-------
      Total |      99 |       0 |   0.0 |      34 |       0 |   0.0
            +---------+---------+-------+---------+---------+-------
        D:1 |      45 |       0 |   0.0 |      25 |       0 |   0.0
        D:2 |      54 |       0 |   0.0 |       9 |       0 |   0.0
            +---------+---------+-------+---------+---------+-------
